 Dungeon Crawl Stone Soup version 0.27.1-3-gb3d3a73c9e (webtiles) character file.

Game seed: 16640916205184308436

7163 Crownlay the Carver (level 10, -3/86 HPs)
             Began as a Minotaur Chaos Knight on Oct 19, 2021.
             Was a Plaything of Xom.
             Slain by a hellwing (12 damage)
             ... summoned by Xom
             ... on level 10 of the Dungeon.
             The game lasted 00:21:45 (12107 turns).

Crownlay the Carver (Minotaur Chaos Knight)        Turns: 12107, Time: 00:21:46

Health: -3/86      AC: 15    Str: 19    XL:     10   Next: 86%
Magic:  9/9        EV:  7    Int: 17    God:    Xom [......]
Gold:   856        SH:  6    Dex: 19    Spells: 9/9 levels left

rFire    + . .     SeeInvis +   a - +1 falchion (chaos)
rCold    x . .     Faith    +   s - +0 buckler of Suatas {rElec rC- Int+8 Dex+2}
rNeg     . . .     Spirit   .   p - +4 chain mail of the Ageless Spines {rElec rCorr}
rPois    .         Reflect  .   (helmet restricted)
rElec    +         Harm     .   n - scarf {repulsion}
rCorr    +         Rampage  .   (no gloves)
Will     +....                  f - +0 pair of boots
Stlth    ..........             y - amulet of faith
HPRegen  0.24/turn              c - ring "Cudiklergh" {rElec rF+ Dex+6 SInv}
MPRegen  0.11/turn              l - ring of willpower

@: hasted, repel missiles, very quick
A: horns 2, retaliatory headbutt, iridescent scales 1, agile 1, frail 1,
screaming 1, weak 1
a: Renounce Religion


You were on level 10 of the Dungeon.
You worshipped Xom.
You were a very special plaything of Xom.
You visited 1 branch of the dungeon, and saw 10 of its levels.
You also visited: Sewer.

You collected 1292 gold pieces.
You spent 436 gold pieces at shops.

Inventory:

Hand Weapons
 a - a +1 falchion of chaos (weapon)
 g - a +0 hand axe of flaming
 r - a +4 mace
Armour
 f - a +0 pair of boots (worn)
 n - a scarf of repulsion (worn)
 p - the +4 chain mail of the Ageless Spines (worn) {rElec rCorr}
   (You bought it in a shop on level 8 of the Dungeon)

   rElec:     It insulates you from electricity.
   rCorr:     It protects you from acid and corrosion.
 s - the +0 buckler of Suatas (worn) {rElec rC- Int+8 Dex+2}
   (You bought it in a shop on level 8 of the Dungeon)

   Int:       It affects your intelligence (+8).
   Dex:       It affects your dexterity (+2).
   rC:        It makes you vulnerable to cold.
   rElec:     It insulates you from electricity.
Jewellery
 c - the ring "Cudiklergh" (left hand) {rElec rF+ Dex+6 SInv}
   (Xom gifted it to you on level 8 of the Dungeon)

   [ring of dexterity]

   Dex:       It affects your dexterity (+6).
   rF:        It protects you from fire.
   rElec:     It insulates you from electricity.
   SInv:      It lets you see invisible.
 d - an amulet of guardian spirit
 j - a ring of resist corrosion
 l - a ring of willpower (right hand)
 y - an amulet of faith (around neck)
 C - a ring of poison resistance
Wands
 i - a wand of acid (4)
 m - a wand of flame (62)
 o - a wand of digging (6)
Scrolls
 b - a scroll of magic mapping
 e - 4 scrolls of enchant armour
 h - 6 scrolls of teleportation
 t - 2 scrolls of fog
 u - 3 scrolls of amnesia
 w - a scroll of noise
Potions
 q - 2 potions of cancellation
 v - a potion of invisibility
 x - a potion of lignification
 z - 2 potions of might
 A - 2 potions of flight
 B - a potion of resistance


   Skills:
 * Level 11.4 Fighting
 - Level 14.0 Long Blades
 - Level 2.4 Armour
 - Level 1.1 Dodging
 - Level 4.0 Shields
 + Level 5.8 Evocations


You had 9 spell levels left.
You didn't know any spells.
Your spell library contained the following spells:

 Spells                   Type           Power      Damage    Failure   Level
 Corona                   Hex            0%         N/A       96%         1
 Foxfire                  Conj/Fire      0%         2x1d4     96%         1
 Magic Dart               Conj           0%         1d3       96%         1
 Call Imp                 Summ           0%         N/A       99%         2
 Ensorcelled Hibernation  Hex/Ice        0%         N/A       99%         2
 Searing Ray              Conj           0%         3d3       99%         2
 Conjure Flame            Conj/Fire      0%         6-21      100%        3
 Inner Flame              Hex/Fire       0%         N/A       100%        3
 Mephitic Cloud           Conj/Pois/Air  0%         N/A       100%        3
 Ozocubu's Armour         Ice            0%         N/A       100%        3
 Tukima's Dance           Hex            0%         N/A       100%        3
 Fulminant Prism          Conj/Hex       0%         3d6       100%        4
 Metabolic Englaciation   Hex/Ice        0%         N/A       100%        5
 Simulacrum               Ice/Necr       0%         N/A       100%        6


Dungeon Overview and Level Annotations

Branches:
Dungeon (10/15)            Temple (0/1) D:7            Lair (0/6) D:9
    Orc (0/2) D:9           Sewer (visited)

Altars:
Makhleb
Ru
Vehumet
Xom

Shops:
D:8 [


Innate Abilities, Weirdness & Mutations

You have a pair of horns on your head.
You reflexively headbutt those who attack you in melee.
You are partially covered in iridescent scales. (AC +2)
You are agile. (Dex +2)
You are frail. (-10% HP)
You occasionally shout uncontrollably at your foes.
You are weak. (Str -2)


Message History

The hellwing is lightly wounded.
The hellwing hits you!!
The hellwing hits you but does no damage.
You hit the hellwing.
You headbutt the hellwing, but do no damage.
The hellwing is lightly wounded.
You hit the hellwing.
The hellwing appears confused.
You headbutt the hellwing, but do no damage.
The hellwing is moderately wounded.
The hellwing barely misses you. You furiously retaliate!
You headbutt the hellwing, but do no damage.
The hellwing hits you but does no damage.
You hit the hellwing but do no damage.
The hellwing is moderately wounded.
The hellwing hits you. The hellwing closely misses you.
You are too injured to fight recklessly!
You are too injured to fight recklessly!
You are too injured to fight recklessly!
You hit the hellwing but do no damage. You headbutt the hellwing.
The hellwing is moderately wounded.
You completely miss the hellwing.
You headbutt the hellwing, but do no damage.
The hellwing is moderately wounded.
You hit the hellwing but do no damage.
The hellwing is moderately wounded.
You hit the hellwing but do no damage.
The hellwing is moderately wounded.
The hellwing hits you!
* * * LOW HITPOINT WARNING * * *
The hellwing hits you.
* * * LOW HITPOINT WARNING * * *
You barely miss the hellwing.
The hellwing is lightly wounded.
The hellwing hits you!
* * * LOW HITPOINT WARNING * * *
The hellwing hits you but does no damage.
You are too injured to fight recklessly!
You feel yourself speed up.
The hellwing seems less confused.
The hellwing hits you!
You die...

### #<# #.# #.# #.#
####################
#.#
..........##...4@..#
#.#
..........##.#####.#
#.# ..........##.# #.#
#.# ..........##.# #.#
#.# ..........##.# #.#
#.# ..........##.# #.#
#.# .............#
#.########.#
..######.#####
#..........# ..#
#.####################


You could see a hellwing (summoned, strong).

Vanquished Creatures
  A two-headed ogre (D:5)
  A centaur zombie (D:10)
  Sigmund (D:2)
  11 yaks
  A wraith (D:10)
  A wyvern (D:9)
  A two-headed ogre zombie (D:9)
  A water moccasin (D:7)
  Duvessa (D:7)
  A sky beast (D:6)
  2 ogres
  An orc warrior (D:7)
  A necrophage (D:4)
  5 centaurs
  4 phantoms
  A gnoll sergeant (D:7)
  A scorpion (D:5)
  3 wyvern zombies (D:8)
  A water moccasin zombie (D:5)
  2 wyvern skeletons (D:6)
  2 water moccasin skeletons
  Dowan (D:7)
  15 killer bees
  5 wights (D:9)
  4 howler monkeys
  3 hounds
  2 jellies
  Crazy Yiuf (D:2)
  A gnoll shaman (D:9)
  A centaur skeleton (D:6)
  5 iguanas
  Natasha (thrice) (D:2)
  9 orc wizards
  5 ogre zombies (D:9)
  3 howler monkey zombies
  8 adders
  10 gnolls
  A river rat (Sewer)
  A white imp (D:8)
  An ufetubus (D:6)
  2 worms (D:4)
  A dart slug (D:1)
  10 orcs
  7 ball pythons
  4 bats
  4 endoplasms
  3 giant cockroaches
  9 goblins
  5 hobgoblins
  4 jackals (D:4)
  2 quokkas
  8 frilled lizards (Sewer)
  A goblin skeleton (D:9)
  2 hobgoblin skeletons (D:9)
  4 hobgoblin zombies (D:9)
  5 kobolds
  13 orc zombies (D:9)
  A quokka skeleton (D:4)
  10 rats
217 creatures vanquished.

Vanquished Creatures (collateral kills)
  An orc warrior (D:9)
  A kobold brigand (D:9)
  A troll zombie (D:9)
  A killer bee (D:8)
  An orc wizard (D:9)
  An ogre zombie (D:9)
  A gnoll (D:9)
  2 orcs (D:9)
  A hobgoblin zombie (D:9)
  5 kobolds (D:9)
  An orc skeleton (D:9)
  3 orc zombies (D:9)
19 creatures vanquished.

Vanquished Creatures (others)
  An ice beast (D:8)
  2 howler monkeys (D:8)
  2 orcs (D:9)
  A hobgoblin (D:9)
  A kobold (D:9)
  A bush (D:6)
  11 fungi
  6 plants (D:9)
25 creatures vanquished.

Grand Total: 261 creatures vanquished

Notes
Turn   | Place    | Note
-------+----------+-------------------------------------------
     0 | D:1      | Crownlay the Minotaur Chaos Knight began the quest for the
                  | Orb.
     0 | D:1      | Reached XP level 1. HP: 19/19 MP: 0/0
   221 | D:1      | Reached skill level 4 in Long Blades
   527 | D:1      | Found a faded altar of an unknown god.
   574 | D:1      | Reached XP level 2. HP: 26/26 MP: 1/1
   677 | D:1      | XOM: silly message
   842 | D:2      | Noticed Sigmund
   844 | D:2      | XOM: cast spell 'Call Canine Familiar'
   859 | D:2      | Killed Sigmund
   860 | D:2      | Reached skill level 6 in Long Blades
   860 | D:2      | Reached XP level 3. HP: 21/31 MP: 2/2
   860 | D:2      | Reached XP level 4. HP: 26/39 MP: 3/3
   918 | D:2      | XOM: divination: magic mapping
   986 | D:2      | Reached skill level 7 in Long Blades
   986 | D:2      | Reached XP level 5. HP: 41/45 MP: 2/4
  1213 | D:2      | Noticed Natasha
  1221 | D:2      | Killed Natasha
  1327 | D:2      | XOM: silly message
  1426 | D:2      | Noticed Natasha
  1429 | D:2      | Killed Natasha
  1471 | D:2      | Noticed Natasha
  1477 | D:2      | Killed Natasha
  1478 | D:2      | Reached skill level 8 in Long Blades
  1696 | D:2      | Found a runed translucent door.
  1697 | D:2      | Noticed Crazy Yiuf
  1706 | D:2      | Killed Crazy Yiuf
  1707 | D:2      | Reached XP level 6. HP: 23/51 MP: 1/5
  1917 | D:2      | XOM: noise
  2372 | D:3      | XOM: silly message
  2382 | D:3      | XOM: divination: detect creatures
  2715 | D:3      | XOM: 4-stop teleportation journey
  3011 | D:3      | XOM: give mutation
  3011 | D:3      | Gained mutation: You have sharp toenails. [Xom's grace]
  3048 | D:3      | XOM: summons 4 hostile demons
  3401 | D:4      | XOM: stealth player
  3412 | D:4      | Found a glowing drain.
  3439 | Sewer    | Entered a sewer
  3689 | Sewer    | Reached skill level 9 in Long Blades
  4006 | D:4      | XOM: silly message
  4193 | D:4      | XOM: cleaving
  4200 | D:4      | Reached XP level 7. HP: 35/57 MP: 2/6
  4216 | D:4      | Reached skill level 10 in Long Blades
  4705 | D:4      | XOM: summons 4 hostile demons
  4819 | D:4      | XOM: give mutations
  4819 | D:4      | Gained mutation: You are weak. (Str -2) [Xom's mischief]
  4819 | D:4      | Gained mutation: You are frail. (-10% HP) [Xom's mischief]
  5221 | D:5      | Entered Level 5 of the Dungeon
  5224 | D:5      | XOM: blink monster(s)
  5342 | D:5      | Reached skill level 11 in Long Blades
  5594 | D:5      | Found a burning altar of Makhleb.
  5715 | D:5      | Found a sacrificial altar of Ru.
  5718 | D:5      | Noticed a two-headed ogre
  5723 | D:5      | Killed a two-headed ogre
  5724 | D:5      | Reached skill level 12 in Long Blades
  5724 | D:5      | Reached XP level 8. HP: 11/57 MP: 1/7
  5747 | D:5      | XOM: noise
  6110 | D:6      | Reached skill level 13 in Long Blades
  6112 | D:6      | XOM: potion effect (curing)
  6696 | D:6      | XOM: draining
  6813 | D:6      | XOM: divination: magic mapping
  6821 | D:6      | Reached XP level 9. HP: 24/57 MP: 2/8
  6974 | D:6      | XOM: 4-stop teleportation journey
  6983 | D:6      | Reached skill level 14 in Long Blades
  7164 | D:6      | You fall into a shaft and drop 3 floors!
  7174 | D:9      | XOM: scenery: create altars
  7180 | D:9      | Reached skill level 1 in Evocations
  7194 | D:9      | Reached skill level 5 in Fighting
  7211 | D:9      | XOM: confusion (+ monsters)
  7483 | D:8      | XOM: fog
  7485 | D:8      | XOM: scenery: create altars
  7494 | D:8      | HP: 3/71 [poisoned by a killer bee]
  7494 | D:8      | HP: 1/71 [killer bee (2)]
  7503 | D:8      | XOM: summons 2 friendly demons
  7863 | D:7      | Found a radiant altar of Vehumet.
  7875 | D:7      | XOM: silly message
  8391 | D:7      | Noticed Duvessa
  8392 | D:7      | Noticed Dowan
  8394 | D:7      | XOM: potion effect (invisibility)
  8402 | D:7      | Killed Dowan
  8409 | D:7      | Killed Duvessa
  8534 | D:7      | XOM: divination: detect items
  8565 | D:7      | Reached XP level 10. HP: 53/81 MP: 3/9
  8730 | D:7      | XOM: cloud trail
  8796 | D:7      | XOM: noise
  8927 | D:7      | XOM: noise
  8940 | D:7      | Found a staircase to the Ecumenical Temple.
  9003 | D:7      | XOM: cast spell 'Cause Fear'
  9011 | D:7      | HP: 4/81 [poisoned by a killer bee]
  9014 | D:7      | HP: 1/121 [something (5)]
  9017 | D:7      | Lost mutation: You have sharp toenails. [potion of
                  | mutation]
  9017 | D:7      | Gained mutation: You sometimes lose the ability to read
                  | scrolls when taking damage. [potion of mutation]
  9017 | D:7      | Gained mutation: Your body sometimes deteriorates upon
                  | taking damage. [potion of mutation]
  9017 | D:7      | Gained mutation: You evolve. [potion of mutation]
  9047 | D:7      | HP: 5/121 [orc wizard/puff of flame (4)]
  9050 | D:7      | XOM: confuse monster(s)
  9447 | D:7      | Gained mutation: You are partially covered in iridescent
                  | scales. (AC +2) [evolution]
  9525 | D:7      | XOM: silly message
  9693 | D:8      | Found Yguots's Antique Armour Emporium.
  9702 | D:8      | Bought a faintly humming chain mail for 218 gold pieces
  9702 | D:8      | Identified the +4 chain mail of the Ageless Spines {rElec
                  | rCorr} (You bought it in a shop on level 8 of the Dungeon)
  9702 | D:8      | Bought a brightly glowing buckler for 218 gold pieces
  9702 | D:8      | Identified the +0 buckler of Suatas {rElec rC- Int+8 Dex+2}
                  | (You bought it in a shop on level 8 of the Dungeon)
  9770 | D:8      | XOM: potion effect (invisibility)
  9777 | D:8      | Reached skill level 1 in Shields
  9812 | D:8      | XOM: silly message
 10003 | D:8      | XOM: 1-stop teleportation journey
 10005 | D:8      | XOM: divination: detect items
 10155 | D:8      | XOM: divine lightning
 10221 | D:8      | Identified the ring "Cudiklergh" {rElec rF+ Dex+6 SInv}
                  | (Xom gifted it to you on level 8 of the Dungeon)
 10221 | D:8      | XOM: god gift: ring "Cudiklergh" {rElec rF+ Dex+6 SInv}
 10276 | D:8      | Gained mutation: You are dopey. (Int -2) [evolution]
 10494 | D:8      | XOM: god gift: wand of flame (21)
 10638 | D:9      | Reached skill level 10 in Fighting
 10665 | D:9      | XOM: fake destruction
 10705 | D:9      | Reached skill level 5 in Evocations
 10994 | D:9      | Found a staircase to the Orcish Mines.
 10994 | D:9      | XOM: 5-stop teleportation journey
 11013 | D:9      | XOM: god gift: 684 gold pieces
 11016 | D:9      | XOM: summons 10 friendly demons
 11120 | D:9      | XOM: scenery: create altars
 11214 | D:9      | XOM: divination: detect items
 11222 | D:9      | XOM: fog
 11233 | D:9      | XOM: give mutation
 11233 | D:9      | Gained mutation: You are agile. (Dex +2) [Xom's grace]
 11236 | D:9      | XOM: stat loss: -1 Int (14/15)
 11348 | D:9      | Identified the +1 ring mail of the Slightly Bent {rF+
                  | Str+5}
 11493 | D:9      | XOM: give mutations
 11493 | D:9      | Lost mutation: Your body sometimes deteriorates upon taking
                  | damage. [Xom's mischief]
 11493 | D:9      | Lost mutation: You sometimes lose the ability to read
                  | scrolls when taking damage. [Xom's mischief]
 11493 | D:9      | Gained mutation: You occasionally shout uncontrollably at
                  | your foes. [Xom's mischief]
 11493 | D:9      | Lost mutation: You are dopey. (Int -2) [Xom's mischief]
 11689 | D:9      | Found a staircase to the Lair.
 11764 | D:10     | Entered Level 10 of the Dungeon
 11786 | D:10     | XOM: give mutation
 11786 | D:10     | Lost mutation: You evolve. [Xom's mischief]
 11791 | D:10     | XOM: 2-stop teleportation journey
 11797 | D:10     | XOM: enchant monster (bad)
 12085 | D:10     | XOM: summons 1 hostile demon
 12107 | D:10     | Slain by a hellwing

Illustrated notes

Levels and vault maps discovered:
D:1:      eino_arrival_cavern_d, layout_basic, basic_ecumenical_altar,
          minmay_misc_feat_cross, columned_hall_lemuel
D:2:      layout_loops_ring, grunt_decor_mini_mirrors, grunt_decor_cap,
          solitary_fountain, minmay_distorted, uniq_natasha, uniq_sigmund,
          uniq_crazy_yiuf_cottage
D:3:      layout_basic, minmay_misc_feat_enclosed, corexii_hall_statues_x,
          kennysheep_nub
D:4:      layout_loops_ring, serial_aquarium, aquarium_bridge_straight
          [aquarium_subvault_bridge, aquarium_subvault_window,
          aquarium_subvault_bridge, aquarium_subvault_wall],
          aquarium_bridge_island_small [aquarium_subvault_small_water,
          aquarium_subvault_window, aquarium_subvault_bridge,
          aquarium_subvault_wall, aquarium_subvault_wall],
          aquarium_window_corner, aquarium_window_fake,
          aquarium_window_corridor_1, aquarium_view_2d, aquarium_view_2e,
          cheibrodos_sewer_entry_drain
D:5:      layout_cave_pools, chequers_serial_rivers_micro_d,
          hangedman_feature_mirror
D:6:      layout_basic, kb_lookout_dungeons_type
D:7:      layout_rooms, vehumet_altar_wand_db, minmay_temple_entry_trees,
          uniq_duvessa
D:8:      layout_basic, serial_shops, shop
D:9:      layout_basic, dpeg_oklobed_lair, zombieorc2_lemuel, enter_bailey_4,
          minmay_diced_spiral
D:10:     layout_basic, minmay_ruined_shrine

Skill      XL: |  1  2  3  4  5  6  7  8  9 10 |
---------------+-------------------------------+-----
Long Blades    | 4 6 7 8 9 12 13 14 | 14.0
Fighting       | 8 11 | 11.4
Evocations     | 4 5 |  5.8
Shields        | 4 |  4.0
Armour         | |  2.4
Dodging        | |  1.1

Action                   |  1- 3 |  4- 6 |  7- 9 | 10-12 || total
-------------------------+-------+-------+-------+-------++-------
Melee: Falchion          |    24 |   163 |   297 |   301 ||   785
       Headbutt          |     5 |    22 |    51 |    73 ||   151
  Use: Scroll            |     1 |     3 |     3 |    11 ||    18
       Potion            |       |       |     4 |     9 ||    13
 Stab: Paralysed         |     1 |       |     2 |     2 ||     5
       Sleeping          |       |     1 |       |       ||     1
       Invisible         |       |       |     4 |     5 ||     9
       Confused          |       |       |     3 |     3 ||     6
       Petrifying        |       |       |       |     1 ||     1
Armor: Leather armour    |     8 |    50 |    69 |       ||   127
       Ice dragon scales |       |       |    26 |    33 ||    59
       Chain mail        |       |       |       |    83 ||    83
       Skin              |       |       |       |     9 ||     9
Dodge: Dodged            |    14 |    97 |   136 |    86 ||   333
       Repelled          |       |       |       |     1 ||     1
Block: Buckler           |       |       |       |    33 ||    33
       Rpst.: Falchion   |     8 |    25 |    35 |    21 ||    89
